 Dungeon Crawl Stone Soup version 0.23.0-3-gf3c87f2 (webtiles) character file.

Game seed: 8308918508637938985

1174 Zanta616 the Chopper (level 8, -7/70 HPs)
             Began as a Minotaur Gladiator on Feb 24, 2019.
             Was a Follower of Zin.
             Mangled by an orc warrior
             ... wielding a +0 long sword
              (13 damage)
             ... on level 6 of the Dungeon.
             The game lasted 00:11:30 (4649 turns).

Zanta616 the Chopper (Minotaur Gladiator)           Turns: 4649, Time: 00:11:31

Health: -7/70      AC: 11    Str: 20    XL:     8   Next: 18%
Magic:  8/8        EV: 11    Int:  7    God:    Zin [*.....]
Gold:   209        SH:  4    Dex: 11    Spells: 7/7 levels left

rFire    + . .     SeeInvis .   a - +1 war axe
rCold    . . .     Gourm    .   D - +0 buckler
rNeg     . . .     Faith    .   y - +0 scale mail
rPois    .         Spirit   .   c - +2 hat
rElec    .         Reflect  .   (no cloak)
rCorr    .         Harm     .   (no gloves)
MR       .....                  x - +2 pair of boots
Stlth    ..........             (no amulet)
HPRegen  0.21/turn              u - ring of flight
MPRegen  0.11/turn              v - ring of protection from fire

@: lethally poisoned (-7 -> -9), flying, lightly drained
A: retaliatory headbutt, horns 2
a: Recite, Donate Gold, Renounce Religion


You were on level 6 of the Dungeon.
You worshipped Zin.
Zin was aware of your devotion.
You were not hungry.

You visited 1 branch of the dungeon, and saw 6 of its levels.

You collected 232 gold pieces.
You donated 23 gold pieces to Zin.

Inventory:

Hand Weapons
 a - a +1 war axe (weapon)
 F - a +1 vampiric glaive
Missiles
 d - 3 throwing nets
 m - 8 tomahawks (quivered)
Armour
 b - a +2 shield
 c - a +2 hat (worn)
 x - a +2 pair of boots (worn)
 y - a +0 scale mail (worn)
 D - a +0 buckler (worn)
Jewellery
 u - a ring of flight (left hand)
 v - a ring of protection from fire (right hand)
Wands
 e - a wand of acid (8)
 r - a wand of digging (13)
 w - a wand of random effects (18)
Scrolls
 h - 3 scrolls of blinking
 l - a scroll of fog
 n - 4 scrolls of remove curse
 q - 5 scrolls of teleportation
 t - a scroll of noise
 z - a scroll of fear
 C - a scroll of identify
Potions
 g - 2 potions of haste {unknown}
 i - 2 potions of flight
 k - 5 potions of curing {unknown}
 s - 2 potions of might {unknown}
 E - a potion of magic {unknown}
Comestibles
 f - 7 rations
 j - 4 chunks of flesh


   Skills:
 + Level 5.7(5.4) Fighting
 + Level 6.6(6.3) Axes
 + Level 4.9(4.6) Throwing
 + Level 0.9(0.6) Armour
 - Level 6.0(5.6) Dodging
 + Level 2.2(1.9) Shields
 + Level 2.0(1.7) Invocations


You had 7 spell levels left.
You didn't know any spells.
Your spell library was empty.

Dungeon Overview and Level Annotations

Branches:
Dungeon (6/15)             Temple (0/1) D:6

Altars:
Dithmenos
Kikubaaqudgha
Makhleb
Nemelex Xobeh
Trog
Vehumet
Xom
Yredelemnul
Zin

Shops:
D:5 [   D:6 (


Innate Abilities, Weirdness & Mutations

You reflexively headbutt those who attack you in melee.
You have a pair of horns on your head.


Message History

The orc misses you. You furiously retaliate!
You headbutt the orc!
You kill the orc!
The orc warrior hits you with a +0 long sword!
* * * LOW HITPOINT WARNING * * *
It was a potion of flight.
You feel very buoyant.
You fly up into the air. "...not to stray from cleanliness, lest..."
You feel sick. The orc warrior closely misses you.
You slash the wight!
The wight is severely damaged.
You closely miss the orc warrior. "...they become as damned as the agents of filth."
You finish reciting Abominations 18:2. "Purity be upon you all."
The wight hits you with a +1 falchion of venom!
* * * LOW HITPOINT WARNING * * *
You feel drained.
* * * LOW HITPOINT WARNING * * *
The orc warrior hits you with a +0 long sword!
You die...

#.....♣.♣.**,,,**,,,,,,,,,,* *
#........[.,,****,,,,,,,,,,***
#..........,,,,,,,,,,,,,,,,,,,
####......##.#####***************
.....#.#>.##.#...#**,##**,,,,,,,*
.^^^...#..##.#.8.+**..**,*,,,,,,*
.^_^......##.#...#,.#*+***,,,,,,*
..^^.......#(#..o#.#,,*,,,**,,,,*
........#...((.8@z#**,*,,,*,*,,,*
........#...##.).#..#*+,,,***,,,*
........##..(#...#,..#*,,,,,,**,*
........###..#.8.+*,..#,,,,,,*,**
........# #..#...#**,.+,,,,,,****
........# #..#############*******
.......<###..............,..,,,*,
###.∩.####..###.......###...,..,,
###.# #.##..................,,


You could see an orc warrior and a wight.

Vanquished Creatures
  A water moccasin (D:6)
  2 ogres
  2 centaurs
  A howler monkey (D:6)
  A bullfrog zombie (D:5)
  3 crimson imps (D:5)
  3 orc priests
  2 hounds
  A jelly (D:5)
  A centaur skeleton (D:4)
  2 iguanas
  An orc wizard (D:6)
  4 worker ants
  A howler monkey skeleton (D:5)
  9 adders
  2 shadow imps (D:5)
  5 worms
  3 leopard geckos
  7 orcs
  7 bats
  6 giant cockroaches
  7 goblins
  3 hobgoblins
  8 jackals
  7 kobolds
  A quokka (D:2)
  6 ball pythons
  5 frilled lizards
  2 jackal skeletons
  A leopard gecko zombie (D:5)
  7 rats
111 creatures vanquished.

Notes
Turn   | Place    | Note
-------+----------+-------------------------------------------
     0 | D:1      | Zanta616 the Minotaur Gladiator began the quest for the
                  | Orb.
     0 | D:1      | Reached XP level 1. HP: 18/18 MP: 0/0
   340 | D:1      | Reached XP level 2. HP: 23/25 MP: 1/1
   985 | D:2      | Reached XP level 3. HP: 31/31 MP: 2/2
  1418 | D:2      | Found a sparkling altar of Nemelex Xobeh.
  1682 | D:3      | Reached XP level 4. HP: 40/40 MP: 3/3
  2076 | D:4      | Reached XP level 5. HP: 35/47 MP: 4/4
  2782 | D:4      | Noticed an ogre
  2784 | D:4      | Reached skill level 5 in Fighting
  2790 | D:4      | Killed an ogre
  2790 | D:4      | Reached skill level 5 in Axes
  2790 | D:4      | Reached XP level 6. HP: 10/56 MP: 5/5
  3132 | D:4      | Found an ancient bone altar of Kikubaaqudgha.
  3211 | D:5      | Entered Level 5 of the Dungeon
  3211 | D:5      | Found Diule's Antique Armour Boutique.
  3234 | D:4      | Reached skill level 5 in Dodging
  3305 | D:5      | Reached XP level 7. HP: 49/61 MP: 6/6
  3323 | D:5      | Identified the +1 robe of Vanity {Stlth+} (You found it on
                  | level 5 of the Dungeon)
  3344 | D:5      | Found a glowing silver altar of Zin.
  3345 | D:5      | Found a shadowy altar of Dithmenos.
  3346 | D:5      | Found a radiant altar of Vehumet.
  3375 | D:5      | Became a worshipper of Zin the Law-Giver
  3375 | D:5      | Reached * piety under Zin
  3439 | D:5      | Found a burning altar of Makhleb.
  3586 | D:5      | Reached skill level 1 in Shields
  3586 | D:5      | Reached skill level 1 in Invocations
  3666 | D:5      | Found a bloodstained altar of Trog.
  4356 | D:6      | Found a basalt altar of Yredelemnul.
  4584 | D:6      | Found Piteu's Weapon Emporium.
  4591 | D:6      | Found a shimmering altar of Xom.
  4601 | D:6      | Found a staircase to the Ecumenical Temple.
  4629 | D:6      | Reached XP level 8. HP: 69/69 MP: 8/8
  4649 | D:6      | Mangled by an orc warrior

Skill      XL: |  1  2  3  4  5  6  7  8 |
---------------+-------------------------+-----
Fighting       | 3 4 5 |  5.7
Axes           | 4 5 6 |  6.6
Dodging        | 4 5 6 |  6.0
Throwing       | 3 4 |  4.9
Shields        | 1 2 |  2.2
Invocations    | 1 2 |  2.0
Armour         | |  0.9

Action                   |  1- 3 |  4- 6 |  7- 9 || total
-------------------------+-------+-------+-------++-------
Melee: War axe           |    75 |    82 |    77 ||   234
       Headbutt          |    14 |    17 |    12 ||    43
Invok: Recite            |       |       |     1 ||     1
Evoke: Wand              |       |     1 |       ||     1
  Use: Scroll            |       |     9 |     8 ||    17
       Potion            |       |       |     1 ||     1
 Stab: Sleeping          |     1 |       |       ||     1
  Eat: Chunk             |     2 |     4 |       ||     6
       Ration            |       |     1 |     1 ||     2
Armor: Leather armour    |    18 |       |       ||    18
       Scale mail        |       |    52 |    33 ||    85
Dodge: Dodged            |    50 |    60 |    43 ||   153
Block: Buckler           |       |       |    14 ||    14
